 Dungeon Crawl Stone Soup version 0.16.1-7-g2c6721e (webtiles) character file.

22153 Chiseanne the Protected (level 13, -2/91 HPs)
             Began as a Human Monk on Mar 29, 2015.
             Was an Elder of the Shining One.
             Slain by an orc warlord
             ... wielding a +0 great mace
              (30 damage)
             ... on level 3 of the Orcish Mines.
             The game lasted 01:00:30 (17783 turns).

Chiseanne the Protected (Human Monk)               Turns: 17783, Time: 01:00:30

Health: -2/91      AC: 15    Str: 16    XL:     13   Next: 25%
Magic:  15/15      EV:  9    Int: 12    God:    the Shining One [****..]
Gold:   1712       SH: 14    Dex: 15    Spells: 0 memorised, 12 levels left

rFire  + . .     SeeInvis .     a - +7 hand axe (elec)
rCold  . . .     Clarity  +     E - +0 chain mail {rF+}
rNeg   + + +     SustAb   .     H - -8 shield "Teasm" {rPois rN+ MP-9}
rPois  +         Gourm    .     x - +0 helmet
rElec  .         Spirit   .     D - +0 cloak
rCorr  .         Warding  .     (no gloves)
rMut   .         Stasis   .     (no boots)
MR     .....                    J - amulet of clarity
Stlth  ..........               (no ring)
                                (no ring)

@: divine shield, very slightly contaminated, hasted, glowing, very quick, not
resistant to hostile enchantments, extremely unstealthy
A: hooves 1
a: Divine Shield, Cleansing Flame, Renounce Religion


You were on level 3 of the Orcish Mines.
You worshipped the Shining One.
The Shining One was greatly pleased with you.
You were hungry.

You visited 2 branches of the dungeon, and saw 16 of its levels.
You also visited: Sewer.

You collected 1848 gold pieces.
You spent 136 gold pieces at shops.

Inventory:

Hand weapons
 a - a +7 hand axe of electrocution (weapon)
 s - a +3 flail of holy wrath
 u - a +2 broad axe of flaming
 T - a +4 broad axe of freezing
Missiles
 e - 3 throwing nets
 o - 83 sling bullets
 p - 18 javelins (quivered)
 y - 131 bolts
 I - 38 tomahawks
 K - 4 tomahawks of returning
 L - 4 poisoned tomahawks
Armour
 t - a +4 scale mail of poison resistance
 x - a +0 helmet (worn)
 D - a +0 cloak (worn)
 E - a +0 chain mail of fire resistance (worn)
 H - the -8 shield "Teasm" (worn) {rPois rN+ MP-9}
   (You found it on level 12 of the Dungeon)

   It protects you from poison.
   It protects you from negative energy.
   It affects your magic capacity (-9).
 M - a +0 chain mail of magic resistance
 N - a troll hide
Magical staves
 k - an uncursed staff of wizardry
Jewellery
 c - an uncursed ring of wizardry
 j - an uncursed ring of teleport control
 F - an uncursed ring of fire
 J - an amulet of clarity (around neck)
 O - an uncursed ring of protection from fire {unknown}
 P - an uncursed ring of poison resistance {unknown}
 Q - an uncursed amulet of faith {unknown}
 S - the ring of Nihilism {+Fly Str+3, unknown}
   (You found it on level 3 of the Orcish Mines)

   [ring of flight]

   It affects your strength (+3).
   It lets you fly.
Scrolls
 l - 3 scrolls of amnesia
 r - a scroll of fear
 A - 3 scrolls of teleportation
 C - a scroll of immolation
 R - a scroll of recharging
Potions
 g - 5 potions of restore abilities
 h - a potion of heal wounds
 m - 4 potions of curing
 q - a potion of cure mutation
 v - a potion of brilliance
 w - 2 potions of magic
Books
 i - a book of the Dragon

   Spells                             Type                      Level
   a - Flight                         Charms/Air                   3
   b - Cause Fear                     Hexes                        4
   c - Bolt of Fire                   Conjuration/Fire             6
   d - Dragon Form                    Transmutation                7
   e - Dragon's Call                  Summoning                    9
 B - the Disquisition on Curses
   (You found it on level 8 of the Dungeon)

   Spells                             Type                      Level
   a - Sure Blade                     Hexes/Charms                 2
   b - Slow                           Hexes                        2
   c - Dazzling Spray                 Conjuration/Hexes            3
   d - Confuse                        Hexes                        3
 U - the Almanac of Translocation
   (You found it on level 3 of the Orcish Mines)

   Spells                             Type                      Level
   a - Apportation                    Translocation                1
   b - Portal Projectile              Translocation                3
   c - Warp Weapon                    Charms/Translocation         5
Comestibles
 b - 11 bread rations
 d - 3 royal jellies
 f - 11 meat rations
 z - 2 beef jerkies
 G - a chunk of flesh


   Skills:
 - Level 5.1 Fighting
 - Level 11.5 Axes
 - Level 11.6 Armour
 - Level 5.2 Dodging
 - Level 2.0 Stealth
 * Level 10.0 Shields
 - Level 4.0 Unarmed Combat
 - Level 7.5 Invocations


You had 12 spell levels left.
You didn't know any spells.

Dungeon Overview and Level Annotations

Branches:
Dungeon (13/15)            Temple (0/1) D:4             Orc (3/4) D:10
   Lair: D:8-11         Elf: Orc:3-4     Vaults: D:13-14

Altars:
Cheibriados
Dithmenos
Gozag
Kikubaaqudgha
Okawaru
Sif Muna
Trog
Vehumet
Xom
Zin
The Shining One

Shops:
D:7 %

Portals:
Trove: D:11 (give +4 demon whip)


Innate Abilities, Weirdness & Mutations

You have large cloven feet.


Message History

You kill the ogre!
Your Shields skill increases to level 10!
Your chain mail prevents you from hitting the orc warrior.
The orc warrior is almost dead.
You hit the orc warrior.
The orc warrior is severely wounded.
You barely miss the orc warlord.
The orc warlord is lightly wounded.
You block the orc warrior's attack.
You hit the orc warrior.
There is a sudden explosion of sparks!
You kill the orc warrior!
You hit the orc warrior.
The orc warrior is severely wounded.
You hit the orc warlord but do no damage.
There is a sudden explosion of sparks!
The orc warlord is moderately wounded.
You hit the orc wizard.
The orc wizard is moderately wounded.
The orc warlord hits you with a great mace!!
You die...

## ### .##.###...# .............
.................
....................
...#.................
##..#........))o.......
.#............o@).......
..#...........()o.......
............((.).......
.............(..........
....#...)).)............
#.......))).............
.##.......)................ ...
........................... ....
...#................#...........


You could see an orc warlord, an orc warrior (frenzied) and an orc wizard
(frenzied).

Vanquished Creatures
  An orc warlord (Orc:3)
  The ghost of Pr0man the Blocker, a powerful GrFi of Qazlal (D:11)
  An unseen horror (D:12)
  2 orc knights (Orc:3)
  A hill giant (D:13)
  A wolf spider (D:12)
  2 manticores
  2 orc sorcerers (Orc:3)
  A cyclops (D:11)
  A sixfirhy (Orc:3)
  Maurice (D:8)
  Psyche (D:11)
  3 komodo dragons
  2 trolls
  2 two-headed ogres
  2 wyverns
  3 deep elf magi (D:10)
  A vampire (D:12)
  A trapdoor spider (D:11)
  4 yaks (D:11)
  A spriggan (D:7)
  2 shadows
  2 wraiths
  3 hungry ghosts
  4 hippogriffs
  3 wargs (Orc:3)
  Edmund (D:8)
  A mottled dragon (D:12)
  2 wolves (D:9)
  2 ice beasts
  An eye of draining (D:11)
  2 black bears
  3 phantoms
  A sky beast (D:7)
  3 necrophages (D:7)
  17 orc warriors
  A sky beast (shapeshifter) (D:12)
  11 centaurs
  17 ogres
  A wyvern zombie (D:12)
  3 big kobolds
  5 giant frogs
  A wyvern skeleton (D:12)
  6 scorpions
  12 killer bees
  4 wights
  2 electric eels
  8 crimson imps
  A giant frog zombie (D:7)
  4 goliath beetles
  8 jellies
  3 centaur zombies
  15 orc priests
  4 hounds
  2 giant frog skeletons
  2 quasits
  20 orc wizards
  5 iguanas
  A gnoll shaman (D:9)
  7 worker ants
  3 sheep (D:11)
  A hound skeleton (D:3)
  A worker ant zombie (D:8)
  18 adders
  6 gnolls
  2 giant mites
  3 shadow imps
  4 worms
  2 adder skeletons
  5 giant geckos
  An ooze (D:3)
  107 orcs
  4 ball pythons
  11 bats
  A bat skeleton (D:6)
  A bat zombie (D:5)
  11 giant cockroaches
  18 hobgoblins
  17 jackals
  A quokka (D:8)
  8 giant newts
  16 goblins
  2 goblin skeletons (D:4)
  A goblin zombie (D:4)
  2 hobgoblin zombies (D:4)
  40 kobolds
  A kobold skeleton (D:4)
  A kobold zombie (D:4)
  An orc skeleton (D:4)
  3 orc zombies (D:4)
  A quokka skeleton (D:4)
  A quokka zombie (D:5)
  19 rats
  2 ballistomycetes (D:12)
  3 plants
542 creatures vanquished.

Vanquished Creatures (others)
  A giant spore (D:12)
1 creature vanquished.

Grand Total: 543 creatures vanquished

Notes
Turn   | Place    | Note
--------------------------------------------------------------
     0 | D:1      | Chiseanne, the Human Monk, began the quest for the Orb.
     0 | D:1      | Reached XP level 1. HP: 18/18 MP: 1/1
   203 | D:1      | Reached XP level 2. HP: 22/24 MP: 2/2
   863 | D:1      | Reached XP level 3. HP: 30/30 MP: 3/3
  1771 | D:2      | Reached XP level 4. HP: 29/37 MP: 4/4
  2665 | D:2      | Reached XP level 5. HP: 30/42 MP: 5/5
  2901 | D:2      | Found a glowing golden altar of the Shining One.
  2904 | D:2      | Became a worshipper of the Shining One
  2904 | D:2      | Acquired the Shining One's first power
  2904 | D:2      | Acquired the Shining One's second power
  3026 | D:3      | Found a snail-covered altar of Cheibriados.
  3223 | D:3      | Found an ancient bone altar of Kikubaaqudgha.
  3384 | D:3      | Reached skill level 1 in Invocations
  3633 | D:3      | Reached XP level 6. HP: 36/49 MP: 3/7
  3983 | D:4      | Noticed a black bear
  4000 | D:4      | Killed a black bear
  4000 | D:4      | Reached skill level 5 in Fighting
  4000 | D:4      | Reached skill level 5 in Dodging
  4109 | D:4      | Found a staircase to the Ecumenical Temple.
  4191 | D:4      | Reached skill level 1 in Armour
  4467 | D:4      | Found a glowing drain.
  4473 | D:4      | Reached XP level 7. HP: 51/56 MP: 9/9
  4483 | Sewer    | Entered a sewer
  4699 | Sewer    | Reached skill level 1 in Axes
  4759 | D:4      | Found a glowing golden altar of the Shining One.
  5019 | D:4      | Found a glowing silver altar of Zin.
  5329 | D:5      | Entered Level 5 of the Dungeon
  5532 | D:5      | Found a shadowy altar of Dithmenos.
  5538 | D:5      | Reached XP level 8. HP: 56/62 MP: 9/11
  6327 | D:6      | Reached skill level 5 in Armour
  6611 | D:6      | Acquired the Shining One's third power
  6734 | D:6      | Reached skill level 6 in Armour
  7056 | D:7      | Reached XP level 9. HP: 58/68 MP: 14/14
  7251 | D:7      | Found a radiant altar of Vehumet.
  7314 | D:7      | Reached skill level 5 in Axes
  7314 | D:7      | Reached skill level 7 in Armour
  7700 | D:7      | Noticed a spriggan baker
  7703 | D:7      | Killed a spriggan baker
  7887 | D:7      | Found Crawn's Food Emporium.
  7901 | D:7      | Bought a beef jerky for 16 gold pieces
  7901 | D:7      | Bought a royal jelly for 22 gold pieces
  7901 | D:7      | Bought 4 fruits for 66 gold pieces
  7901 | D:7      | Bought a slice of pizza for 16 gold pieces
  7901 | D:7      | Bought a beef jerky for 16 gold pieces
  7949 | D:8      | Found an opulent altar of Gozag.
  7959 | D:8      | Reached skill level 8 in Armour
  8042 | D:8      | Reached XP level 10. HP: 51/74 MP: 14/18
  8113 | D:8      | Identified the Disquisition on Curses
  8144 | D:8      | Noticed Maurice
  8163 | D:8      | Killed Maurice
  8163 | D:8      | Reached skill level 5 in Invocations
  8442 | D:8      | Reached skill level 9 in Armour
  8688 | D:8      | Noticed Edmund
  8697 | D:8      | Killed Edmund
  9702 | D:9      | Found a bloodstained altar of Trog.
  9731 | D:9      | Found an iron altar of Okawaru.
  9925 | D:9      | Found a deep blue altar of Sif Muna.
 10619 | D:10     | Entered Level 10 of the Dungeon
 10630 | D:10     | Reached XP level 11. HP: 34/79 MP: 17/20
 10993 | D:10     | Found a staircase to the Orcish Mines.
 11067 | D:10     | Reached skill level 10 in Armour
 11126 | D:10     | Reached skill level 10 in Axes
 11710 | D:11     | Noticed Psyche
 11724 | D:11     | Killed Psyche
 11744 | D:11     | Found a portal to a secret trove of treasure.
 11877 | D:11     | Noticed Pr0man's ghost (powerful GrFi)
 11938 | D:11     | Killed Pr0man's ghost
 12013 | D:11     | Noticed a cyclops
 12030 | D:11     | Killed a cyclops
 12564 | D:11     | Reached skill level 11 in Armour
 12885 | D:11     | Noticed a manticore
 12899 | D:11     | Killed a manticore
 13378 | D:12     | Found a shimmering altar of Xom.
 13441 | D:12     | Noticed a wolf spider
 13452 | D:12     | Killed a wolf spider
 13452 | D:12     | Reached XP level 12. HP: 26/86 MP: 22/22
 13527 | D:12     | Got a warped robe
 13749 | D:12     | Identified the cursed -7 robe of the Princess {Int+5} (You found it on level 12 of the Dungeon)
 13868 | D:12     | Gained mutation: You have large cloven feet. [potion of beneficial mutation]
 13910 | D:12     | Noticed an unseen horror
 13924 | D:12     | Killed an unseen horror
 14228 | D:12     | Got a faintly humming shield
 14234 | D:12     | Identified the cursed -8 shield "Teasm" {rPois rN+ MP-9} (You found it on level 12 of the Dungeon)
 14283 | D:12     | Reached skill level 1 in Shields
 14460 | D:12     | Noticed a manticore
 14467 | D:12     | Killed a manticore
 15194 | D:12     | Reached skill level 5 in Shields
 15308 | Orc:1    | Entered Level 1 of the Orcish Mines
 17016 | Orc:3    | Noticed an orc warlord
 17034 | Orc:3    | Noticed an orc warlord
 17037 | Orc:3    | Killed an orc warlord
 17060 | Orc:3    | Reached XP level 13. HP: 54/91 MP: 15/24
 17450 | Orc:3    | Got a bloodstained trident
 17482 | Orc:3    | Identified the +6 trident of Salt {pain, *Rage rF+ rC+ Str+3} (You found it on level 3 of the Orcish Mines)
 17674 | Orc:3    | Got a vibrating ivory ring
 17680 | Orc:3    | Identified the Almanac of Translocation
 17782 | Orc:3    | Reached skill level 10 in Shields
 17783 | Orc:3    | Slain by an orc warlord

Action                   |  1- 3 |  4- 6 |  7- 9 | 10-12 | 13-15 || total
-------------------------+-------+-------+-------+-------+-------++-------
Melee: Unarmed           |   162 |   361 |       |       |       ||   523
       Hand axe          |       |     8 |   235 |   689 |    70 ||  1002
Throw: Javelin           |       |       |       |    10 |       ||    10
Invok: Divine Shield     |       |     3 |     1 |    22 |     3 ||    29
Evoke: Wand              |       |       |       |     3 |       ||     3
  Use: Scroll            |     3 |     9 |     3 |    10 |     1 ||    26
       Potion            |     3 |       |       |     9 |     1 ||    13
 Stab: Sleeping          |     1 |     1 |       |       |       ||     2
       Confused          |       |       |       |     1 |       ||     1
  Eat: Chunk             |     3 |     9 |    11 |    23 |     3 ||    49
       Fruit             |       |       |     4 |     4 |       ||     8
       Pizza             |       |       |     1 |       |       ||     1
       Beef jerky        |       |       |       |     1 |       ||     1
